 Dungeon Crawl Stone Soup version 0.20.1-1-g8b1a95d (webtiles) character file.

99 Fandomethor the Insei (level 4, 0/32 HPs)
             Began as a Merfolk Transmuter on Sept 30, 2017.
             Slain by an orc wizard
             ... wielding a cursed +0 dagger
              (2 damage)
             ... on level 3 of the Dungeon.
             The game lasted 00:06:51 (1919 turns).

Fandomethor the Insei (Merfolk Transmuter)          Turns: 1919, Time: 00:06:52

Health: 0/32       AC:  2    Str: 10    XL:     4   Next: 72%
Magic:  7/7        EV: 13    Int: 12    God:
Gold:   78         SH:  0    Dex: 15    Spells: 2/7 levels left

rFire    . . .     SeeInvis .     - Unarmed
rCold    . . .     Gourm    .   (no shield)
rNeg     . . .     Faith    .   b - +0 robe
rPois    .         Spirit   .   (no helmet)
rElec    .         Reflect  .   (no cloak)
rCorr    .         Harm     .   (no gloves)
MR       .....                  (no boots)
Stlth    +.........             (no amulet)
Regen    0.1/turn               (no ring)
MPRegen  0.1/turn               (no ring)

@: about to teleport, appendage (expiring)
A: change form in water, swift swim, stealthy swim, horns 2
a: End Transformation


You were on level 3 of the Dungeon.
You were hungry.
You had grown temporary horns.
You visited 1 branch of the dungeon, and saw 3 of its levels.

You collected 78 gold pieces.

Inventory:

Missiles
 a - 38 arrows
Armour
 b - a +0 robe (worn)
Scrolls
 g - a scroll of recharging
 h - a scroll of enchant weapon
 m - a scroll of identify
Books
 c - a book of Changes

   Spells                             Type                      Level
   a - Beastly Appendage              Transmutation                1
   b - Sticks to Snakes               Transmutation                2
   c - Spider Form                    Transmutation/Poison         3
   d - Ice Form                       Ice/Transmutation            4
   e - Blade Hands                    Transmutation                5
Comestibles
 d - 2 bread rations
 f - 3 meat rations
 j - a royal jelly


   Skills:
 - Level 1.1 Fighting
 - Level 3.1 Dodging
 + Level 4.9 Unarmed Combat
 - Level 2.2 Spellcasting
 + Level 3.8 Transmutations
 + Level 0.2 Ice Magic


You had 2 spell levels left.
You knew the following spells:

 Your Spells              Type           Power        Failure   Level  Hunger
a - Beastly Appendage     Tmut           ##....       5%          1    ##.....
b - Ice Form              Ice/Tmut       #.......     75%         4    #####..


Dungeon Overview and Level Annotations

Branches:
Dungeon (3/15)

Altars:


Innate Abilities, Weirdness & Mutations

You revert to your normal form in water.
You are very nimble and swift while swimming.
You are very stealthy in the water. (Stealth+)
You have a pair of horns on your head.


Message History

The orc priest is lightly wounded.
The orc priest misses you.
You barely miss the orc priest.
The orc priest is lightly wounded.
The orc priest invokes the aid of Beogh against you.
Pain shoots through your body!
* * * LOW HITPOINT WARNING * * *
You aren't carrying any potions.
Unknown command.
As you read the scroll labeled TOCUPEO JUZYR, it crumbles to dust.
You feel blessed for a moment.
It was a scroll of remove curse.
The orc priest closely misses you.
As you read the scroll labeled KIRAPT ACEOF, it crumbles to dust.
You feel strangely unstable.
It was a scroll of teleportation.
The orc priest barely misses you.
As you read the scroll of immolation, it crumbles to dust.
The creatures around you are filled with an inner flame!
The orc wizard hits you but does no damage.
The orc priest barely misses you. The orc wizard hits you with a dagger.
You die...

.######..#
.........#
#######.## ##'##
##†..## ##.....##
♣.# ##.......##
♣....####...†.....#
....oKo@o...<.....+
#....####.........#
..# ##.......##
##.....## ##...##
##+##


You could see an orc priest (inner flame), an orc wizard (inner flame), an orc
(inner flame) and a kobold (inner flame).

Vanquished Creatures
  Jessica (D:2)
  A gnoll (D:1)
  An ooze (D:2)
  A worm (D:2)
  3 dart slugs (D:1)
  A leopard gecko (D:2)
  2 orcs (D:3)
  5 bats
  3 giant cockroaches
  2 goblins (D:1)
  5 hobgoblins
  2 jackals
  A quokka (D:2)
  4 frilled lizards
  6 kobolds
  10 rats
48 creatures vanquished.

Notes
Turn   | Place    | Note
-------+----------+-------------------------------------------
     0 | D:1      | Fandomethor the Merfolk Transmuter began the quest for the Orb.
     0 | D:1      | Reached XP level 1. HP: 15/15 MP: 3/3
    57 | D:1      | Reached XP level 2. HP: 10/21 MP: 3/5
   508 | D:1      | Reached skill level 4 in Unarmed Combat
   516 | D:1      | Reached XP level 3. HP: 24/26 MP: 4/6
  1284 | D:2      | Noticed Jessica
  1290 | D:2      | Killed Jessica
  1290 | D:2      | Reached XP level 4. HP: 28/32 MP: 7/7
  1651 | D:2      | Learned a level 4 spell: Ice Form
  1916 | D:3      | HP: 1/32 [orc priest/nerve-wracking pain (7)]
  1919 | D:3      | Slain by an orc wizard

Skill      XL: |  1  2  3 |
---------------+----------+-----
Dodging        | 3 |  3.1
Unarmed Combat | 4 |  4.9
Transmutations | 3 |  3.8
Fighting       | |  1.1
Spellcasting   | |  2.2
Ice Magic      | |  0.2

Action                   |  1- 3 |  4- 6 || total
-------------------------+-------+-------++-------
Melee: Unarmed           |    82 |    46 ||   128
       Headbutt          |    12 |     5 ||    17
       Punch             |     1 |     1 ||     2
 Cast: Beastly Appendage |    20 |    10 ||    30
  Use: Scroll            |       |     6 ||     6
 Stab: Sleeping          |       |     2 ||     2
  Eat: Chunk             |     1 |     2 ||     3
Armor: Robe              |    16 |     3 ||    19
Dodge: Dodged            |    58 |    29 ||    87
